 Dungeon Crawl Stone Soup version 0.29.1-2-gbd0b4ee654 (webtiles) character file.

Game seed: 14176932942755332516

66 Sabo the Sneak (level 4, 0/29 HPs)
             Began as an Octopode Brigand on Nov 6, 2022.
             Was a Follower of Dithmenos.
             Slain by an orc wizard
             ... wielding a +0 dagger
              (1 damage)
             ... on level 4 of the Dungeon.
             The game lasted 00:16:28 (3200 turns).

Sabo the Sneak (Octopode Brigand)                   Turns: 3200, Time: 00:16:29

Health: 0/29       AC:  1    Str: 12    XL:     4   Next: 15%
Magic:  4/4        EV: 12    Int: 13    God:    Dithmenos [*.....]
Gold:   147        SH:  0    Dex: 13    Spells: 3/3 levels left

rFire   . . .      SeeInvis .   a - +2 dagger
rCold   . . .      Faith    .   (no shield)
rNeg    . . .      Spirit   .   (helmet restricted)
rPois   .          Reflect  .   (no amulet)
rElec   .          Harm     .   (no ring)
rCorr   .          Rampage  .   (no ring)
Will    .....                   (no ring)
Stlth   +++++.....              (no ring)
HPRegen 0.09/turn               (no ring)
MPRegen 0.09/turn               (no ring)
                                (no ring)
                                (no ring)

@: wreathed by umbra
A: almost no armour, amphibious, 8 rings, camouflage 1, gelatinous body 1,
(nimble swimmer 1), tentacles
a: Renounce Religion


You were on level 4 of the Dungeon.
You worshipped Dithmenos.
Dithmenos was aware of your devotion.
You visited 1 branch of the dungeon, and saw 4 of its levels.

You collected 147 gold pieces.

Inventory:

Hand Weapons
 a - a +2 dagger (weapon)
 l - a +0 spear
 m - a +0 sling
Missiles
 b - 2 poisoned darts (quivered)
 c - 3 curare-tipped darts
Scrolls
 d - 2 scrolls of magic mapping
 g - a scroll of enchant armour {unknown}
 h - 2 scrolls of blinking
 i - a scroll of summoning
 k - a scroll of amnesia
Potions
 e - 2 potions of curing {unknown}
 f - a potion of berserk rage {unknown}
 j - a potion of haste {unknown}


   Skills:
 + Level 2.1 Fighting
 + Level 2.5 Short Blades
 + Level 2.7 Throwing
 + Level 1.1 Dodging
 + Level 6.6 Stealth


You had 3 spell levels left.
You didn't know any spells.
Your spell library was empty.

Dungeon Overview and Level Annotations

Branches:
Dungeon (4/15)
 Temple: D:4-7

Altars:
Dithmenos

Shops:
D:2 [


Innate Abilities, Weirdness & Mutations

You cannot wear most types of armour.
You are amphibious.
You can wear up to eight rings at the same time.
Your skin changes colour to match your surroundings (Stealth+).
Your rubbery body absorbs attacks. (AC +1, EV +1)
((You are camouflaged when in or above water. (Stealth+)))
You have tentacles for arms and can constrict up to eight enemies at once.


Message History

Aim: an orc wizard, wielding a +0 dagger and wearing a +0 robe (51% to hit)
You throw a poisoned dart.
The poisoned dart barely misses the orc wizard.
The orc wizard casts a spell at you.
You are confused.
You hear a shout!
Non-targeted confused throw: 4 darts (poison)
Press: ? - help, Q - select action, (/) - cycle Dir - look around, f - activate You throw a poisoned dart.
The orc wizard gestures wildly while chanting.
The orc wizard flickers and vanishes!
Deactivating autopickup; reactivate with Ctrl-A.
You bump into the rock wall.
Something tries to affect you, but you resist.
You bump into the rock wall.
You bump into the rock wall.
You bump into the rock wall.
The orc throws a boomerang.
The boomerang closely misses you.
You feel less confused.
Throw: 3 darts (poison)
Press: ? - help, Q - select action, (/) - cycle Shift-Dir - straight line, f - orc
Aim: an orc, wielding a +0 trident and quivering boomerangs (59% to hit)
You throw a poisoned dart. The poisoned dart hits the orc.
The orc is poisoned.
A magic dart appears from out of thin air!
The magic dart hits you.
The orc throws a boomerang.
The boomerang hits you.
The orc throws a boomerang.
The boomerang hits you.
The orc throws a boomerang.
The boomerang hits you.
* * * LOW HITPOINT WARNING * * *
Dithmenos accepts your kill.
You feel a bit more experienced.
A magic dart appears from out of thin air!
The magic dart hits you.
* * * LOW HITPOINT WARNING * * *
Something hits you.
* * * LOW HITPOINT WARNING * * *
You closely miss something.
You hear some strange, mumbled words.
Something tries to affect you, but you resist.
You hit something. Something hits you.
You die...

..............# #..## ##
.............. #..## #
##.............####...##
#... ..#........#......##
##..#
#.............#...###
#(..#
#...........####....# ..
##..# ##..........##
###...
.?..#...####...........##
###.
................@.......#
##
..#...o.................#
# ##.(######............#
#..# #............# #..
##..[........# #...
#..........## #.(.
###......#..## # ...
#########..## # ##..# ##


There were no monsters in sight!

Vanquished Creatures
  2 adders (D:3)
  A worm (D:2)
  A dart slug (D:2)
  2 orcs (D:4)
  2 endoplasms
  3 goblins
  5 hobgoblins
  2 jackals (D:3)
  3 kobolds
  3 quokkas (D:1)
  5 ball pythons
  3 bats
  5 frilled lizards
  2 rats
39 creatures vanquished.

Notes
Turn   | Place    | Note
-------+----------+-------------------------------------------
     0 | D:1      | Sabo the Octopode Brigand began the quest for the Orb.
     0 | D:1      | Reached XP level 1. HP: 14/14 MP: 1/1
   344 | D:1      | Reached XP level 2. HP: 19/19 MP: 2/2
   996 | D:2      | Found a faded altar of an unknown god.
  1030 | D:2      | Prayed at the altar of an unknown god.
  1030 | D:2      | Became a worshipper of Dithmenos the Shadowed
  1030 | D:2      | Reached * piety under Dithmenos
  1097 | D:2      | Reached skill level 6 in Stealth
  1486 | D:2      | Reached XP level 3. HP: 24/24 MP: 3/3
  2003 | D:2      | Found Esuas's Antique Armour Shoppe.
  2828 | D:3      | Reached XP level 4. HP: 26/29 MP: 4/4
  3198 | D:4      | HP: 1/29 [something (3)]
  3200 | D:4      | Slain by an orc wizard

Illustrated notes

Levels and vault maps discovered:
D:1:      dpeg_arrival_triangle_fractal, layout_rooms, patterned_corridor
D:2:      layout_loops_corners, hellmonk_ecumenical_altar_crossroads,
          serial_shops, shop
D:3:      layout_rooms
D:4:      layout_cave_pods, temple_hall

Skill      XL: |  1  2 |
---------------+-------+-----
Stealth        | 6 |  6.6
Fighting       | |  2.1
Short Blades   | |  2.5
Throwing       | |  2.7
Dodging        | |  1.1

Action                   |  1- 3 |  4- 6 || total
-------------------------+-------+-------++-------
Melee: Dagger            |    39 |     2 ||    41
       Constrict         |    10 |       ||    10
       Tentacles         |     8 |       ||     8
Throw: Dart              |    32 |     7 ||    39
  Use: Scroll            |     1 |     3 ||     4
 Stab: Sleeping          |     2 |       ||     2
Armor: Skin              |     1 |       ||     1
Dodge: Dodged            |    19 |     1 ||    20
